AoeStats
← RaZeeeeK

Fortress

510228347Analyzed
4v4 RM · 3d ago on Sep 30, 2026· 53m 55s· 8 players
Game mode
Random Map
Map size
Huge
Population
200
Speed
Normal
Resources
Standard
Victory
Conquest
Starting age
Dark Age
Ending age
Imperial Age
RankedLock teamsTeams togetherTeam positionsShared explorationLock speedFull tech treeHidden civsTurbo modeCheats
Victory
Defeat
🇺🇸 Italians · United States
1391
+14
🇺🇸 Vikings · United States
1386
+14
🇮🇳 Danes · India
1367
+15
🇦🇷 Berbers · Argentina
1360
+15
🇨🇱 Burgundians · Chile
1412
-16
🇨🇱 Cumans · Chile
1330
-14
🇨🇱 Bohemians · Chile
1326
-14
🇨🇱 Persians · Chile
1320
-14
RaZeeeeK
2:20 Double-Bit Axe
4:25 Horse Collar
8:23 Feudal Age
11:54 Castle Age
10:22 Bow Saw
10:29 Heavy Plow
15:51 Two-Man Saw
15:07 Heavy Plow
16:42 Wheelbarrow
16:51 Town Watch
18:47 Crop Rotation
19:26 Gold Mining
21:33 Gold Shaft Mining
24:56 Imperial Age
22:42 Hand Cart
22:36 Scale Barding Armor
22:54 Forging
22:50 Loom
23:54 Chain Barding Armor
24:01 Fletching
23:37 Cavalier
24:29 Husbandry
24:49 Fervor
25:05 Paladin
27:14 Plate Barding Armor
27:29 Iron Casting
28:21 Conscription
28:47 Stone Mining
29:40 Scale Mail Armor
29:56 Burgundian Vineyards
31:11 Blast Furnace
30:27 Bodkin Arrow
30:33 Padded Archer Armor
32:38 Ballistics
33:19 Chemistry
32:39 Bracer
32:21 Elite Skirmisher
34:31 Leather Archer Armor
36:26 Stone Shaft Mining
38:57 Coinage
38:37 Guilds
44:20 Masonry
44:59 Chain Mail Armor
44:47 Squires
47:31 Plate Mail Armor
49:22 Arrowslits
49:27 Guard Tower
51:40 Keep
51:45 Banking
52:34 Architecture
51:45 Treadmill Crane
Dua Loopa [TsO]
7:19 Feudal Age
11:15 Castle Age
9:29 Double-Bit Axe
11:09 Scale Barding Armor
16:05 Husbandry
17:20 Loom
17:46 Forging
18:32 Bloodlines
24:54 Imperial Age
24:02 Wheelbarrow
24:31 Gold Mining
29:14 Cavalier
31:06 Iron Casting
30:22 Horse Collar
30:53 Bow Saw
34:16 Padded Archer Armor
34:06 Fletching
36:47 Chemistry
36:34 Leather Archer Armor
36:36 Thumb Ring
37:46 Kamandaran
37:48 Bodkin Arrow
38:23 Ring Archer Armor
38:47 Hand Cart
37:59 Elite Skirmisher
39:47 Savar
42:11 Two-Man Saw
45:21 Chain Barding Armor
46:41 Blast Furnace
46:47 Heavy Plow
48:51 Light Cavalry
50:59 Plate Barding Armor
51:09 Ballistics
Loco Saiti
4:55 Loom
6:47 Feudal Age
7:29 Double-Bit Axe
13:23 Loom
14:48 Wheelbarrow
17:11 Castle Age
17:31 Capped Ram
20:13 Fletching
23:18 Bow Saw
24:35 Horse Collar
26:34 Bodkin Arrow
27:08 Heavy Plow
26:59 Gold Mining
28:10 Bloodlines
28:23 Padded Archer Armor
31:17 Imperial Age
30:05 Leather Archer Armor
30:29 Hand Cart
31:05 Thumb Ring
32:31 Ring Archer Armor
34:17 Parthian Tactics
33:19 Elite Kipchak
36:28 Conscription
35:32 Onager
37:41 Elite Skirmisher
39:57 Cuman Mercenaries
45:49 Scale Barding Armor
45:54 Forging
47:23 Chain Barding Armor
51:48 Plate Barding Armor
51:49 Iron Casting
Pipeño
7:17 Feudal Age
11:06 Castle Age
9:17 Double-Bit Axe
9:26 Horse Collar
12:58 Bow Saw
14:31 Loom
18:52 Wheelbarrow
20:29 Heavy Plow
26:27 Imperial Age
25:40 Padded Archer Armor
26:58 Chemistry
27:29 Padded Archer Armor
28:43 Leather Archer Armor
31:29 Elite Skirmisher
33:06 Ring Archer Armor
33:17 Fletching
34:27 Bodkin Arrow
35:06 Ballistics
36:17 Bracer
39:25 Siege Engineers
39:16 Houfnice
varunalur2879
7:49 Feudal Age
9:23 Double-Bit Axe
11:40 Castle Age
12:33 Horse Collar
13:08 Bow Saw
15:06 Heavy Plow
17:56 Gold Mining
18:21 Loom
19:14 Wheelbarrow
21:08 Hand Cart
21:58 Stone Mining
25:08 Imperial Age
23:44 Squires
23:30 Gambesons
23:48 Scale Mail Armor
24:00 Forging
23:46 Hamask
25:19 Chain Mail Armor
26:22 Conscription
26:49 Plate Mail Armor
26:11 Fletching
26:06 Elite Jomsviking
27:14 Ballistics
27:09 Town Watch
28:03 Iron Casting
28:50 Hoardings
28:49 Town Patrol
30:56 Blast Furnace
29:52 Bodkin Arrow
31:13 Coinage
32:28 Gold Shaft Mining
32:29 Stone Shaft Mining
32:41 Banking
34:37 Bracer
35:41 Chemistry
34:52 Masonry
38:37 Caravan
52:01 Pikeman
52:30 Arson
frivolous spender
7:41 Feudal Age
11:49 Castle Age
9:44 Double-Bit Axe
10:14 Horse Collar
14:09 Bow Saw
18:16 Heavy Plow
18:39 Fletching
19:26 Loom
21:45 Wheelbarrow
21:12 Gold Mining
22:17 Ballistics
22:30 Bodkin Arrow
23:29 Hand Cart
25:56 Imperial Age
24:31 Padded Archer Armor
25:36 Thumb Ring
26:11 Leather Archer Armor
27:39 Ring Archer Armor
27:10 Bracer
28:14 Chemistry
27:35 Bracer
28:06 Ring Archer Armor
27:31 Stone Mining
27:09 Elite Genoese Crossbowman
27:28 Pikeman
29:34 Stone Shaft Mining
29:23 Forging
29:13 Scale Mail Armor
33:00 Iron Casting
38:12 Blast Furnace
37:28 Chain Mail Armor
38:07 Conscription
38:43 Pirotechnia
52:39 Plate Mail Armor
53:15 Squires
Chase_The_Dragon
8:00 Feudal Age
9:11 Horse Collar
9:27 Double-Bit Axe
10:02 Loom
12:41 Castle Age
11:12 Scale Mail Armor
11:03 Arson
12:02 Forging
20:24 Chain Mail Armor
20:25 Squires
21:41 Iron Casting
26:57 Chieftains
33:14 Stone Mining
33:24 Fletching
37:03 Imperial Age
35:18 Gold Mining
36:34 Heavy Plow
36:45 Bow Saw
37:19 Gold Shaft Mining
37:02 Town Watch
37:16 Elite Berserk
38:17 Conscription
38:30 Plate Mail Armor
39:00 Blast Furnace
44:27 Bodkin Arrow
44:33 Padded Archer Armor
44:56 Ballistics
45:36 Chemistry
44:55 Crossbowman
45:43 Bogsveigar
45:37 Arbalester
47:46 Town Patrol
48:49 Two-Man Saw
48:16 Bodkin Arrow
48:21 Padded Archer Armor
49:53 Bracer
51:25 Elite Genitour
52:52 Elite Skirmisher
53:52 Caravan
Bass
6:48 Feudal Age
7:59 Loom
11:14 Castle Age
10:24 Double-Bit Axe
10:36 Double-Bit Axe
10:51 Horse Collar
12:30 Bow Saw
16:47 Fletching
20:31 Bodkin Arrow
20:36 Padded Archer Armor
22:44 Town Watch
31:25 Imperial Age
31:48 Heavy Plow
33:18 Wheelbarrow
33:23 Bracer
35:09 Hand Cart
36:17 Conscription
36:14 Leather Archer Armor
39:29 Ring Archer Armor
39:06 Thumb Ring
39:13 Bloodlines
41:02 Chemistry
40:18 Elite Camel Archer
41:03 Husbandry
41:27 Ballistics
42:43 Kasbah
46:13 Coinage
47:09 Stone Mining
47:10 Gold Mining
48:11 Murder Holes
48:26 Masonry
48:25 Maghrebi Camels
50:09 Caravan
50:39 Banking
54:24 Gold Shaft Mining
54:22 Crop Rotation
Connection lost

Rejoining the realm…

Still unreachable

The connection could not be restored.

Session expired

The server has moved on; the page needs a fresh start.